 Dungeon Crawl Stone Soup version 0.28.0-62-gf88900778d (webtiles) character file.

Game seed: 2937954119008960180

7915 cbfl8 the Cleaver (level 11, -9/83 HPs)
             Began as a Demonspawn Fighter on Jan 17, 2024.
             Was a Believer of Trog.
             Mangled by a two-headed ogre
             ... wielding a +0 giant club
              (17 damage)
             ... on level 10 of the Dungeon.
             The game lasted 00:13:19 (16081 turns).

cbfl8 the Cleaver (Demonspawn Fighter)             Turns: 16081, Time: 00:13:20

Health: -9/83      AC: 16    Str: 19    XL:     11   Next: 3%
Magic:  11/11      EV:  7    Int: 10    God:    Trog [**....]
Gold:   580        SH: 11    Dex: 20    Spells: 10/10 levels left

rFire   + . .      SeeInvis +   a - +0 war axe
rCold   + . .      Faith    .   u - +0 kite shield
rNeg    . . .      Spirit   .   t - +3 plate armour
rPois   +          Reflect  .   (helmet restricted)
rElec   +          Harm     .   (no cloak)
rCorr   +          Rampage  .   (no gloves)
Will    +....                   (no boots)
Stlth   ..........              (no amulet)
HPRegen 0.23/turn               C - ring "Moilyfap" {Will+ SInv Stlth+}
MPRegen 0.12/turn               c - +6 ring of dexterity

@: resistant, on berserk cooldown, slowed, very slow
A: horns 2, repulsion field 2, demonic guardian 1, powered by death 1
a: Renounce Religion, Berserk, Trog's Hand


You were on level 10 of the Dungeon.
You worshipped Trog.
Trog was pleased with you.
You visited 2 branches of the dungeon, and saw 11 of its levels.

You collected 580 gold pieces.

Inventory:

Hand Weapons
 a - a +0 war axe (weapon)
Missiles
 y - a throwing net
Armour
 t - a +3 plate armour (worn)
 u - a +0 kite shield (worn)
Jewellery
 c - a +6 ring of dexterity (right hand)
 C - the ring "Moilyfap" (left hand) {Will+ SInv Stlth+}
   (You found it on level 9 of the Dungeon)

   [ring of see invisible]

   SInv:      It lets you see invisible.
   Will:      It increases your willpower.
   Stlth:     It makes you more stealthy.
Scrolls
 b - 3 scrolls of teleportation
 d - 2 scrolls of noise
 g - 2 scrolls of magic mapping
 o - 2 scrolls of enchant armour
 p - 2 scrolls of enchant weapon
 s - a scroll of fog
 A - a scroll of fear {unknown}
Potions
 e - 4 potions of curing
 f - 3 potions of magic {unknown}
 h - 2 potions of flight {unknown}
 k - 2 potions of resistance
 m - 3 potions of attraction {unknown}
 n - a potion of ambrosia {unknown}
 q - 3 potions of invisibility {unknown}
 r - 2 potions of might
 B - a potion of lignification {unknown}


   Skills:
 + Level 6.6 Fighting
 + Level 9.2 Axes
 + Level 7.9 Armour
 + Level 6.1 Shields
 * Level 7.5 Evocations


You had 10 spell levels left.
You didn't know any spells.
Your spell library contained the following spells:

 Spells                   Type           Power      Damage    Failure   Level
 Animate Skeleton         Necr           0%         N/A       100%        1
 Apportation              Tloc           0%         N/A       100%        1
 Pain                     Necr           0%         1d4       100%        1
 Sting                    Tmut/Pois      0%         1d3       100%        1
 Summon Small Mammal      Summ           0%         N/A       100%        1
 Corpse Rot               Necr/Air       0%         N/A       100%        2
 Ensorcelled Hibernation  Hex/Ice        0%         N/A       100%        2
 Passwall                 Tmut/Erth      0%         N/A       100%        2
 Poisonous Vapours        Pois/Air       0%         N/A       100%        2
 Swiftness                Air            0%         N/A       100%        3
 Vampiric Draining        Necr           0%         2d6       100%        3
 Olgreb's Toxic Radiance  Pois           0%         N/A       100%        4


Dungeon Overview and Level Annotations

Branches:
Dungeon (10/15)            Temple (1/1) D:7            Lair (0/6) D:9
    Orc: D:9-12

Altars:
Ashenzari
Cheibriados
Dithmenos
Elyvilon
Fedhas
Gozag
Hepliaklqana
Kikubaaqudgha
Makhleb
Nemelex Xobeh
Okawaru
Qazlal
Ru
Sif Muna
Trog
Vehumet
Wu Jian
Xom
Yredelemnul
Zin
The Shining One

Shops:
D:9 [

Annotations:
D:3 1 runed translucent door, Crazy Yiuf
D:10 Erica, Snorg


Innate Abilities, Weirdness & Mutations

You have a pair of horns on your head.
You are surrounded by a moderate repulsion field. (EV +3)
A weak demonic guardian rushes to your aid.
You regenerate a little health from kills.


Message History

The two-headed ogre hits you with a +0 giant club!
* * * LOW HITPOINT WARNING * * *
A demonic guardian appears!
You feel a strong urge to attack something.
Your ufetubus barely misses the two-headed ogre.
Your ufetubus hits the two-headed ogre.
You are no longer berserk.
You are exhausted.
You feel yourself slow down.
The white ugly thing barely misses your ufetubus.
Okay, then.
Okay, then.
It was a potion of resistance.
You feel protected.
Your ufetubus hits the two-headed ogre but does no damage.
Your ufetubus hits the two-headed ogre.
The two-headed ogre closely misses your ufetubus. x2
Your ufetubus completely misses the two-headed ogre.
Your ufetubus hits the two-headed ogre.
The white ugly thing tail-slaps your ufetubus!
Your ufetubus dies!
Your ufetubus disappears in a puff of smoke!
You feel much better. You block the two-headed ogre's attack.
The two-headed ogre hits you with a +0 giant club.
* * * LOW HITPOINT WARNING * * *
You feel much better. The two-headed ogre barely misses you.
The two-headed ogre hits you with a +0 giant spiked club!
You block the two-headed ogre's attack.
The two-headed ogre hits you with a +0 giant spiked club.
The two-headed ogre hits you but does no damage. x2
The two-headed ogre hits you with a +0 dire flail!!
* * * LOW HITPOINT WARNING * * *
A demonic guardian appears!
You block the two-headed ogre's attack.
As you read the scroll labelled SES KUSHUSASH, it crumbles to dust.
Wisps of shadow whirl around you...
It was a scroll of summoning.
The ogre closely misses you.
You block the white ugly thing's attack.
Your shadow imp hits the ogre.
The two-headed ogre hits you with a +0 giant club!
You die...

#########
#.....Y.#
#.......#
#.lYY...#
#Y......#
#O@uYY..#
#OOO....#
#.Z5....#
##.....##
#)....#
#...........
#...........
#......(....
#...........


You could see a white ugly thing (ally target), 3 two-headed ogres, an ogre
(ally target), a friendly komodo dragon (summoned), 6 friendly yaks, a friendly
shadow imp (summoned) and a friendly centaur zombie (summoned).

Vanquished Creatures
  An ogre mage (D:10)
  A two-headed ogre (D:9)
  Pikel (D:8)
  Joseph (D:8)
  2 kobold demonologists (D:10)
  A hornet (D:9)
  3 wyverns
  A wraith (D:9)
  A basilisk (D:8)
  4 water moccasins
  An ice beast (D:4)
  A sky beast (D:5)
  2 orc warriors
  2 black bears
  A wolf (D:8)
  3 ogres
  A phantom (D:6)
  A centaur (D:9)
  4 lemures (D:8)
  7 kobold brigands
  A bullfrog (D:9)
  A gnoll sergeant (D:5)
  A wyvern zombie (D:7)
  5 scorpions
  2 wyvern skeletons (D:6)
  15 killer bees
  3 wights (D:7)
  2 bullfrog zombies
  A centaur zombie (D:8)
  3 hounds
  4 orc priests
  A centaur skeleton (D:5)
  7 orc wizards
  A killer bee zombie (D:6)
  A hound zombie (D:5)
  11 gnolls
  A howler monkey skeleton (D:6)
  6 adders
  An adder skeleton (D:4)
  A worm (D:2)
  4 dart slugs (D:1)
  12 orcs
  8 ball pythons
  5 endoplasms
  10 hobgoblins
  2 jackals (D:4)
  32 kobolds
  4 quokkas
  4 bats
  8 frilled lizards
  2 goblins
  4 rats
202 creatures vanquished.

Vanquished Creatures (collateral kills)
  A hornet (D:9)
  An orc warrior (D:9)
  A wolf (D:8)
  A bullfrog zombie (D:7)
  An orc priest (D:9)
  A kobold (D:10)
6 creatures vanquished.

Vanquished Creatures (others)
  2 fungi (D:9)
  6 plants (D:9)
8 creatures vanquished.

Grand Total: 216 creatures vanquished

Notes
Turn   | Place    | Note
-------+----------+-------------------------------------------
     0 | D:1      | cbfl8 the Demonspawn Fighter began the quest for the Orb.
     0 | D:1      | Reached XP level 1. HP: 18/18 MP: 1/1
   165 | D:1      | Gained mutation: You regenerate a little health from kills.
                  | [demonic ancestry]
   165 | D:1      | Reached XP level 2. HP: 17/24 MP: 2/2
   228 | D:1      | Reached skill level 2 in Axes
   401 | D:1      | Gained mutation: You have a pair of small horns on your
                  | head. [demonic ancestry]
   401 | D:1      | Reached XP level 3. HP: 27/29 MP: 3/3
   415 | D:1      | Reached skill level 1 in Evocations
   490 | D:1      | Found a faded altar of an unknown god.
  1474 | D:2      | Reached XP level 4. HP: 28/35 MP: 4/4
  1958 | D:3      | Found an opulent altar of Gozag.
  2005 | D:3      | Found the +6 shillelagh "Devastator" {shatter}
  2299 | D:3      | Found a runed translucent door.
  2300 | D:3      | Noticed Crazy Yiuf
  2884 | D:4      | Reached skill level 3 in Axes
  2994 | D:4      | Reached XP level 5. HP: 41/41 MP: 5/5
  3047 | D:4      | Noticed an ice beast
  3055 | D:4      | Killed an ice beast
  3825 | D:5      | Entered Level 5 of the Dungeon
  3854 | D:4      | Gained mutation: You have a pair of horns on your head.
                  | [demonic ancestry]
  3854 | D:4      | Reached XP level 6. HP: 23/48 MP: 6/6
  4586 | D:5      | Reached skill level 4 in Axes
  5098 | D:5      | Noticed a sky beast
  5104 | D:5      | Killed a sky beast
  5105 | D:5      | Gained mutation: A weak demonic guardian rushes to your
                  | aid. [demonic ancestry]
  5105 | D:5      | Reached XP level 7. HP: 46/54 MP: 7/7
  6790 | D:6      | Reached skill level 5 in Axes
  6790 | D:6      | Reached skill level 5 in Armour
  6790 | D:6      | Gained mutation: You are surrounded by a mild repulsion
                  | field. (EV +2) [demonic ancestry]
  6790 | D:6      | Reached XP level 8. HP: 20/61 MP: 8/8
  7848 | D:7      | Found a staircase to the Ecumenical Temple.
  7901 | Temple   | Entered the Ecumenical Temple
  8059 | Temple   | Became a worshipper of Trog the Wrathful
  8660 | D:7      | Reached skill level 6 in Axes
  8902 | D:7      | Reached * piety under Trog
  9490 | D:8      | Reached skill level 5 in Fighting
  9545 | D:8      | Reached XP level 9. HP: 53/68 MP: 9/9
  9701 | D:8      | Reached skill level 5 in Evocations
 10243 | D:7      | Reached skill level 7 in Axes
 11637 | D:8      | Reached ** piety under Trog
 11955 | D:9      | Reached skill level 5 in Shields
 12398 | D:9      | Noticed Joseph
 12398 | D:9      | Noticed Pikel
 12550 | D:8      | Killed Joseph
 12943 | D:8      | Killed Pikel
 12944 | D:8      | Reached skill level 8 in Axes
 12944 | D:8      | Reached XP level 10. HP: 58/76 MP: 10/10
 13638 | D:9      | Found a staircase to the Lair.
 14066 | D:9      | Paralysed by a hornet for 3 turns
 14268 | D:9      | Noticed a two-headed ogre
 14280 | D:9      | Killed a two-headed ogre
 14780 | D:9      | Identified the ring "Moilyfap" {Will+ SInv Stlth+}
 15063 | D:9      | Found Iwnaych's Antique Armour Shop.
 15217 | D:10     | Entered Level 10 of the Dungeon
 15301 | D:10     | Noticed Snorg
 15301 | D:10     | Noticed Erica
 15313 | D:10     | HP: 1/77 [Snorg (9)]
 15907 | D:10     | Reached skill level 9 in Axes
 16060 | D:10     | Noticed an ogre mage
 16064 | D:10     | Noticed a two-headed ogre
 16064 | D:10     | Noticed a two-headed ogre
 16065 | D:10     | Noticed a two-headed ogre
 16068 | D:10     | Noticed a white ugly thing
 16072 | D:10     | Killed an ogre mage
 16073 | D:10     | Gained mutation: You are surrounded by a moderate repulsion
                  | field. (EV +3) [demonic ancestry]
 16073 | D:10     | Reached XP level 11. HP: 69/83 MP: 11/11
 16081 | D:10     | Mangled by a two-headed ogre

Illustrated notes

Levels and vault maps discovered:
D:1:      shiori_arrival_whats_in_store_for_you, layout_rooms,
          ebering_ecumenical_altar_abandoned, minmay_small_reverse_x
D:2:      layout_basic
D:3:      layout_basic, kennysheep_flooded_box, minmay_misc_feat_roman,
          kennysheep_pointless_box, uniq_crazy_yiuf_cottage
D:4:      minmay_angry_zag, layout_cave_pods
D:5:      layout_loops_ring, lightli_minifort
D:6:      layout_basic, mainiacjoe_overflow_alcove_4
D:7:      layout_loops_ring, minmay_temple_entry_antechambers,
          minmay_crystal_water
D:8:      layout_loops_ring
D:9:      layout_loops_ring, minmay_lair_entry_grove, serial_shops,
          nicolae_shop_behind_doors, st_stairs_5, uniq_joseph, uniq_pikel
D:10:     layout_stronghold, nicolae_shop_clearance, uniq_erica, uniq_snorg,
          uniq_grum, uniq_harold
Temple:   kilobyte_greek_temple

Skill      XL: |  1  2  3  4  5  6  7  8  9 10 |
---------------+-------------------------------+-----
Axes           | 2 3 4 5 6 8 9 |  9.2
Evocations     | 1 2 3 4 6 7 |  7.5
Armour         | 3 4 5 6 7 |  7.9
Shields        | 3 4 5 6 |  6.1
Fighting       | 4 5 6 |  6.6

Action                   |  1- 3 |  4- 6 |  7- 9 | 10-12 || total
-------------------------+-------+-------+-------+-------++-------
Melee: War axe           |   117 |   127 |   325 |   102 ||   671
       Headbutt          |     8 |    29 |    63 |    22 ||   122
Invok: Berserk           |       |       |     4 |     5 ||     9
Evoke: Wand              |       |       |       |     6 ||     6
  Use: Scroll            |       |     1 |     2 |     8 ||    11
       Potion            |       |     4 |     6 |     4 ||    14
 Stab: Distracted        |       |       |     1 |     1 ||     2
       Paralysed         |       |       |       |     2 ||     2
Armor: Scale mail        |    52 |    44 |       |       ||    96
       Plate armour      |       |     4 |   305 |   100 ||   409
Dodge: Dodged            |    53 |    51 |    93 |    64 ||   261
Block: Buckler           |    36 |    39 |    12 |       ||    87
       Kite shield       |       |       |   211 |   109 ||   320
